 Dungeon Crawl Stone Soup version 0.31-a0-960-g0fca184906 (webtiles) character file.

Game seed: 12004486162585827290

58 gelatine the Ruffian (level 4, 0/28 HPs)
             Began as an Octopode Shapeshifter on Oct 23, 2023.
             Slain by a goblin
             ... wielding a +0 dagger
             ... led by Robin
              (2 damage)
             ... on level 2 of the Dungeon.
             The game lasted 00:02:20 (946 turns).

gelatine the Ruffian (Octopode Shapeshifter)         Turns: 946, Time: 00:02:20

Health: 0/28       AC:  1    Str: 15    XL:     4   Next: 2%
Magic:  4/4        EV: 13    Int: 12    God:
Gold:   44         SH:  0    Dex: 11    Spells: 3/3 levels left

rFire   + .          .
                       - Unarmed
rCold   . . .        (no shield)
rNeg    . . .        (helmet currently unavailable)
rPois   +            (no amulet)
rElec   .            d - ring of poison resistance
rCorr   .            i - ring of protection from fire
SInv    .            (no ring)
Will    .....        (no ring)
Stlth   ++           (no ring)
HPRegen 0.24/turn    (no ring)
MPRegen 0.09/turn    (no ring)
                     (no ring)

%: no passive effects
@: beast-form
A: beast (slay +2), almost no armour, amphibious, 8 rings, camouflage 1,
gelatinous body 1, (nimble swimmer 1), tentacles
a: Begin Untransformation


You were on level 2 of the Dungeon.
You were a hulking beast.
You visited 1 branch of the dungeon, and saw 2 of its levels.

You collected 44 gold pieces.

Inventory:

Missiles
 l - 8 stones
Magical Staves
 n - a staff of fire
Jewellery
 d - a ring of poison resistance (left tentacle)
 i - a ring of protection from fire (right tentacle)
Talismans
 b - a beast talisman
 c - a flux talisman
Scrolls
 k - a scroll of enchant armour {unknown}
 m - a scroll of noise {unknown}
 o - a scroll of identify {unknown}
Potions
 a - 2 potions of lignification
 e - 2 potions of cancellation {unknown}
 f - a potion of resistance {unknown}
 g - 2 potions of haste {unknown}
 h - a potion of berserk rage {unknown}
 j - 2 potions of curing {unknown}


   Skills:
 + Level 1.0 Fighting
 + Level 2.1 Dodging
 + Level 1.0 Stealth
 * Level 4.0 Unarmed Combat
 * Level 3.5 Shapeshifting


You had 3 spell levels left.
You didn't know any spells.
Your spell library was empty.

Dungeon Overview and Level Annotations

Branches:
Dungeon (2/15)

Altars:


Innate Abilities, Weirdness & Mutations

You are a hulking beast.
Your limbs bulge with bestial killing power. (Slay +2)
You cannot wear most types of armour.
You are amphibious.
You can wear up to eight rings at the same time.
Your skin changes colour to match your surroundings (Stealth+).
Your rubbery body absorbs attacks. (AC +1, EV +1)
((You are camouflaged when in or above water. (Stealth+)))
You have tentacles for arms and can constrict up to eight enemies at once.


Message History

You tentacle-slap the goblin but do no damage.
Your grab misses the goblin. The goblin closely misses you.
You barely miss the goblin. Your grab misses the goblin.
The goblin hits you with a +0 club.
You bludgeon the goblin!
You kill the goblin!
The goblin misses you. Robin throws the goblin at you!
You miss the goblin. Your grab misses the goblin.
The goblin hits you but does no damage.
Robin roars a battlecry!
The goblin goes into a battle-frenzy!
You hear a shout! x2
You closely miss the goblin. You grab the goblin. You squeeze the goblin.
You kill the goblin!
Robin throws the goblin at you! The goblin hits you but does no damage.
Robin roars a battlecry!
You see here a +0 club.
You closely miss Robin. You grab Robin. You constrict Robin.
The goblin barely misses you. Robin closely misses you.
You tentacle-slap Robin but do no damage.
Robin is lightly wounded.
You constrict Robin. The goblin hits you with a +0 dagger.
Robin hits you with a +0 whip.
* * * LOW HITPOINT WARNING * * *
You tentacle-slap Robin. You squeeze Robin.
Robin is heavily wounded.
You constrict Robin. The goblin hits you with a +0 dagger.
* * * LOW HITPOINT WARNING * * *
A hobgoblin comes into view.
You bludgeon Robin!
You kill Robin!
The goblin hits you but does no damage.
A goblin comes into view. It is wielding a +0 dagger.
Your Stealth skill increases to level 1!
Your Unarmed Combat skill increases to level 4!
You have reached level 4!
You tentacle-slap the goblin. Your grab misses the goblin.
The goblin is heavily wounded.
The goblin hits you with a +0 dagger.
You die...

## ... .g# .#.# #
#.#.# # #.##)#
.####g# #.
#.)g###g.g..g#
###.#####h#))#
#.....####g#.#####
#....)g.......
#..####.......
#.###..# .####...
#......# .# ..
######.# .# . ##.#
.. #.###..## ##


You could see a hobgoblin (strong) and 2 goblins.

Vanquished Creatures
  Robin (D:2)
  2 dart slugs
  2 endoplasms (D:1)
  4 giant cockroaches (D:1)
  11 goblins
  2 hobgoblins (D:1)
  3 jackals (D:1)
  2 kobolds
  A quokka (D:1)
  5 ball pythons
  3 bats (D:1)
  3 frilled lizards
  2 rats (D:1)
41 creatures vanquished.

Notes
Turn   | Place    | Note
-------+----------+-------------------------------------------
     0 | D:1      | gelatine the Octopode Shapeshifter began the quest for the
                  | Orb.
     0 | D:1      | Reached XP level 1. HP: 13/13 MP: 1/1
   158 | D:1      | Reached XP level 2. HP: 14/18 MP: 2/2
   338 | D:1      | Reached XP level 3. HP: 23/23 MP: 3/3
   929 | D:2      | Noticed Robin
   944 | D:2      | HP: 1/23 [goblin/+0 dagger[Robin] (5)]
   945 | D:2      | Killed Robin
   946 | D:2      | Reached skill level 1 in Stealth
   946 | D:2      | Reached skill level 4 in Unarmed Combat
   946 | D:2      | Reached XP level 4. HP: 2/28 MP: 4/4
   946 | D:2      | Slain by a goblin

Illustrated notes

Levels and vault maps discovered:
D:1:      tarquinn_simple_flora_water_c, layout_loops_ring
D:2:      layout_loops_ring, uniq_robin

Skill      XL: |  1  2  3 |
---------------+----------+-----
Stealth        | 1 |  1.0
Unarmed Combat | 4 |  4.0
Fighting       | |  1.0
Dodging        | |  2.1
Shapeshifting  | |  3.5

Action                     |  1- 3 |  4- 6 || total
---------------------------+-------+-------++-------
  Melee: Unarmed           |    64 |     1 ||    65
         Constrict         |    15 |       ||    15
         Tentacles         |    12 |       ||    12
         Punch             |     2 |       ||     2
   Stab: Sleeping          |     6 |       ||     6
 Armour: Skin              |    31 |     1 ||    32
  Dodge: Dodged            |    26 |       ||    26

Table legend: (Time is in decaauts)
 A = Elapsed time spent in this place.
 B = Non-inter-level travel time spent in this place.
 C = Inter-level travel time spent in this place.
 D = Time resting spent in this place.
 E = Time spent auto-exploring this place.
 F = Levels seen in this place.
 G = Mean time per level.
                   A        B        C        D        E       F      G
               +--------+--------+--------+--------+--------+-----+--------+
         Total |    940 |    930 |     10 |      0 |    684 |   2 |  470.0 |
       Dungeon |    940 |    930 |     10 |      0 |    684 |   2 |  470.0 |
               +--------+--------+--------+--------+--------+-----+--------+

Top non-repeatable levels by time:
     D:1: 789 daAuts
     D:2: 151 daAuts
